 Dungeon Crawl Stone Soup version 0.26.1-2-gb8aa6d0cf2 (webtiles) character file.

Game seed: 1031270235372636630

2167 Drazool the Fighter (level 9, -1/77 HPs)
             Began as a Gnoll Wanderer on Feb 23, 2021.
             Was a Follower of Okawaru.
             Slain by an orc warrior
             ... wielding a +0 halberd
              (15 damage)
             ... in a bailey.
             The game lasted 00:32:20 (6442 turns).

Drazool the Fighter (Gnoll Wanderer)                Turns: 6442, Time: 00:32:20

Health: -1/77      AC: 17    Str: 19    XL:     9   Next: 32%
Magic:  15/15      EV: 11    Int: 14    God:    Okawaru [*.....]
Gold:   302        SH:  0    Dex: 12    Spells: 15/16 levels left

rFire    . . .     SeeInvis +   n - +3 dagger (vamp)
rCold    . . .     Faith    .   (no shield)
rNeg     . . .     Spirit   .   c - +2 scale mail
rPois    +         Reflect  .   t - +2 helmet
rElec    +         Harm     .   (no cloak)
rCorr    .         Rampage  .   k - +0 pair of gloves
Will     .....                  (no boots)
Stlth    ++........             q - amulet of regeneration
HPRegen  0.62/turn              p - ring of see invisible
MPRegen  0.14/turn              B - +4 ring of protection

@: hasted, very quick
A: distributed training, fangs 1, clumsy 1, poison resistance, electricity
resistance, strong nose
a: Renounce Religion, Heroism


You were in a bailey.
You worshipped Okawaru.
Okawaru was aware of your devotion.
You visited 2 branches of the dungeon, and saw 9 of its levels.
You also visited: Bailey.

You collected 302 gold pieces.

Inventory:

Hand Weapons
 a - a +0 club
 d - a +0 dagger
 h - a +0 whip of electrocution
 i - a +4 quarterstaff of chaos
 l - a +0 mace
 n - a +3 vampiric dagger (weapon)
Missiles
 z - 12 poisoned darts (quivered)
 E - a throwing net
Armour
 c - a +2 scale mail (worn)
 j - a +0 leather armour
 k - a +0 pair of gloves (worn)
 m - a +0 chain mail of cold resistance
 r - a +0 robe
 t - a +2 helmet (worn)
 D - the +1 leather armour "Fyshrupru" {Harm}
   (You found it on level 7 of the Dungeon)

   It increases damage dealt and taken.
Jewellery
 e - an uncursed amulet of guardian spirit
 p - a ring of see invisible (left hand)
 q - an amulet of regeneration (around neck)
 B - a +4 ring of protection (right hand)
Scrolls
 f - 2 scrolls of amnesia {unknown}
 g - 5 scrolls of remove curse
 o - 3 scrolls of teleportation
 s - a scroll of fear {unknown}
 u - a scroll of fog {unknown}
 v - a scroll of blinking
 y - a scroll of enchant armour {unknown}
 C - a scroll of immolation {unknown}
Potions
 b - 4 potions of curing
 w - a potion of magic {unknown}
 A - a potion of experience {unknown}


   Skills:
 + Level 9.5 Fighting
 + Level 4.1 Short Blades
 + Level 4.1 Long Blades
 + Level 4.1 Axes
 + Level 4.1 Maces & Flails
 + Level 4.1 Polearms
 + Level 6.2 Staves
 + Level 4.1 Slings
 + Level 4.1 Bows
 + Level 4.1 Crossbows
 + Level 4.9 Throwing
 + Level 4.9 Armour
 + Level 4.1 Dodging
 + Level 6.0 Stealth
 + Level 4.1 Shields
 + Level 4.1 Unarmed Combat
 + Level 4.1 Spellcasting
 + Level 3.4 Conjurations
 + Level 3.4 Hexes
 + Level 3.4 Summonings
 + Level 3.4 Necromancy
 + Level 3.4 Translocations
 + Level 3.4 Transmutations
 + Level 3.4 Fire Magic
 + Level 3.4 Ice Magic
 + Level 3.4 Air Magic
 + Level 3.4 Earth Magic
 + Level 3.4 Poison Magic
 + Level 4.5 Invocations
 + Level 4.1 Evocations


You had 15 spell levels left.
You knew the following spells:

 Your Spells              Type           Power        Failure   Level
a - Shock                 Conj/Air       48%          13%         1

Your spell library contained the following spells:

 Spells                   Type           Power        Failure   Level
 Swiftness                Air            12%          21%         2
 Static Discharge         Conj/Air       12%          36%         3
 Airstrike                Air            6%           78%         4
 Lightning Bolt           Conj/Air       6%           98%         5


Dungeon Overview and Level Annotations

Branches:
Dungeon (8/15)             Temple (1/1) D:7          Bailey (1/1)
   Lair: D:8-11

Altars:
Cheibriados
Fedhas
Gozag
Hepliaklqana
Kikubaaqudgha
Makhleb
Nemelex Xobeh
Okawaru
Qazlal
Ru
Sif Muna
Trog
Wu Jian
Yredelemnul
Zin
The Shining One


Innate Abilities, Weirdness & Mutations

Your experience applies equally to all skills.
You have very sharp teeth.
Your uncanny sense of smell can sniff out nearby items.
You are clumsy. (Dex -2)
Your system is resistant to poisons. (rPois)
You are resistant to electric shocks. (rElec)


Message History

There is an open door here.
The orc warrior hits you but does no damage.
The orc knight roars a battlecry!
The orc goes into a battle-frenzy!
The orc closely misses you. The orc warrior barely misses you.
The orc hits you with a +0 spear.
* * * LOW HITPOINT WARNING * * *
You feel better. The orc warrior barely misses you.
The orc warrior closely misses you. x2; The orc hits you but does no damage.
You feel yourself speed up. The orc warrior closely misses you.
The orc warrior hits you with a +0 halberd.
* * * LOW HITPOINT WARNING * * *
The orc barely misses you.
You hit the orc warrior but do no damage.
The orc warrior hits you from afar with a +0 halberd.
* * * LOW HITPOINT WARNING * * *
You closely miss the orc warrior.
You bite the orc warrior, but do no damage.
The orc warrior hits you from afar with a +0 halberd!
You die...

## ##
##.###########∩## ##
#...##.....##...##..
#[..#..≈≈≈..#...#..≈
#}..#.≈≈o≈≈.......≈≈
#..oo.≈oo.≈.......≈o
#)o.#.≈≈o≈≈...o...≈≈
#$.@#(o≈≈≈o(#(..#..≈
#$o.##.....##.∩.#
##.###########∩## ##
###


You could see 3 orc warriors and an orc (strong).

Vanquished Creatures
  Pikel (D:7)
  A steam dragon (D:8)
  A water moccasin (D:8)
  An ice beast (D:5)
  2 phantoms
  5 ogres
  A lemure (D:7)
  A bullfrog (D:8)
  A scorpion (D:4)
  Crazy Yiuf (D:7)
  A bullfrog skeleton (D:4)
  A hound (D:5)
  An orc priest (D:4)
  2 orc wizards
  A centaur skeleton (D:6)
  Jessica (D:3)
  2 iguanas
  Natasha (twice) (D:3)
  8 worker ants
  Terence (D:1)
  7 adders
  A gnoll (D:8)
  2 white imps
  An ooze (D:4)
  An adder skeleton (D:6)
  4 worms
  3 dart slugs
  4 leopard geckos
  9 orcs
  A ball python (D:4)
  7 giant cockroaches
  10 goblins
  9 hobgoblins
  6 jackals
  2 quokkas (D:4)
  10 bats
  4 frilled lizards
  8 kobolds
  A leopard gecko zombie (D:5)
  10 rats
135 creatures vanquished.

Notes
Turn   | Place    | Note
-------+----------+-------------------------------------------
     0 | D:1      | Drazool the Gnoll Wanderer began the quest for the Orb.
     0 | D:1      | Drazool set off with the following items: a +0 club, 2
                  | potions of curing, a +2 scale mail, a +0 dagger
     0 | D:1      | Reached XP level 1. HP: 26/26 MP: 1/1
    93 | D:1      | Reached XP level 2. HP: 33/33 MP: 2/2
   524 | D:1      | Reached XP level 3. HP: 38/38 MP: 3/3
   827 | D:2      | Noticed Terence
   979 | D:1      | Killed Terence
   980 | D:1      | Reached skill level 1 in Short Blades
   980 | D:1      | Reached skill level 1 in Long Blades
   980 | D:1      | Reached skill level 1 in Axes
   980 | D:1      | Reached skill level 1 in Maces & Flails
   980 | D:1      | Reached skill level 1 in Polearms
   980 | D:1      | Reached skill level 1 in Slings
   980 | D:1      | Reached skill level 1 in Bows
   980 | D:1      | Reached skill level 1 in Crossbows
   980 | D:1      | Reached skill level 1 in Dodging
   980 | D:1      | Reached skill level 1 in Shields
   980 | D:1      | Reached skill level 1 in Unarmed Combat
   980 | D:1      | Reached skill level 1 in Spellcasting
   980 | D:1      | Reached skill level 1 in Invocations
   980 | D:1      | Reached skill level 1 in Evocations
  1383 | D:2      | Reached XP level 4. HP: 42/45 MP: 5/5
  1813 | D:2      | Reached skill level 1 in Conjurations
  1813 | D:2      | Reached skill level 1 in Hexes
  1813 | D:2      | Reached skill level 1 in Summonings
  1813 | D:2      | Reached skill level 1 in Necromancy
  1813 | D:2      | Reached skill level 1 in Translocations
  1813 | D:2      | Reached skill level 1 in Transmutations
  1813 | D:2      | Reached skill level 1 in Fire Magic
  1813 | D:2      | Reached skill level 1 in Ice Magic
  1813 | D:2      | Reached skill level 1 in Air Magic
  1813 | D:2      | Reached skill level 1 in Earth Magic
  1813 | D:2      | Reached skill level 1 in Poison Magic
  1938 | D:3      | Noticed Natasha
  1947 | D:3      | Killed Natasha
  1948 | D:3      | Reached XP level 5. HP: 51/51 MP: 6/6
  2166 | D:3      | Noticed Natasha
  2173 | D:3      | Killed Natasha
  2304 | D:3      | Reached XP level 6. HP: 57/57 MP: 8/8
  2426 | D:3      | Noticed Jessica
  2430 | D:3      | Killed Jessica
  2728 | D:4      | Reached skill level 5 in Staves
  2841 | D:4      | Found a glowing silver altar of Zin.
  3084 | D:4      | Reached XP level 7. HP: 63/63 MP: 10/10
  3568 | D:5      | Entered Level 5 of the Dungeon
  3587 | D:5      | Found a hazy altar of Hepliaklqana.
  3630 | D:5      | Found a stormy altar of Qazlal.
  3651 | D:5      | Reached skill level 9 in Fighting
  3651 | D:5      | Reached skill level 5 in Stealth
  3739 | D:5      | Found a bloodstained altar of Trog.
  3769 | D:5      | Found a sacrificial altar of Ru.
  3955 | D:5      | Found a sparkling altar of Nemelex Xobeh.
  4206 | D:5      | Reached XP level 8. HP: 64/71 MP: 12/12
  4210 | D:5      | Learned a level 1 spell: Shock
  4288 | D:6      | Found an ancient bone altar of Kikubaaqudgha.
  4317 | D:6      | Found a shimmering blue altar of Sif Muna.
  4875 | D:6      | Found an opulent altar of Gozag.
  5258 | D:7      | Found a staircase to the Ecumenical Temple.
  5280 | Temple   | Entered the Ecumenical Temple
  5302 | Temple   | Became a worshipper of Warmaster Okawaru
  5403 | D:7      | Got a scorched leather armour
  5421 | D:7      | Identified the +1 leather armour "Fyshrupru" {Harm} (You
                  | found it on level 7 of the Dungeon)
  5473 | D:7      | Noticed Pikel
  5722 | D:7      | Gained mutation: Your system is resistant to poisons.
                  | (rPois) [potion of mutation]
  5722 | D:7      | Gained mutation: You are clumsy. (Dex -2) [potion of
                  | mutation]
  5722 | D:7      | Gained mutation: You are resistant to electric shocks.
                  | (rElec) [potion of mutation]
  5743 | D:7      | Killed Pikel
  5743 | D:7      | Reached * piety under Okawaru
  5744 | D:7      | Reached XP level 9. HP: 58/77 MP: 14/14
  5949 | D:7      | Found a runed translucent door.
  5950 | D:7      | Noticed Crazy Yiuf
  6026 | D:7      | Found an ornate altar of the Wu Jian Council.
  6279 | D:7      | Killed Crazy Yiuf
  6378 | D:8      | Found a flagged portal.
  6424 | Bailey   | Entered a bailey
  6425 | Bailey   | Noticed an orc knight
  6442 | Bailey   | Slain by an orc warrior

Illustrated notes

Levels and vault maps discovered:
D:1:      lightli_molten_gateway, layout_rooms
D:2:      layout_basic, corner_web_ring, grunt_ministairs_12, uniq_terence
D:3:      layout_loops_ring, uniq_jessica, uniq_natasha
D:4:      layout_loops_ring, lemuel_round_altar, kennysheep_generic_room_13
D:5:      layout_rooms, overflow_temple_1_default, kennysheep_little_box,
          lemuel_round_altar, nicolae_ru_awakened_eye, old_standard_altar
D:6:      layout_basic, lemuel_crystal_altar, nicolae_overflow_crystal_walls,
          led_sif_pool, nrook_campfire
D:7:      layout_loops_ring, kennysheep_mini_moat,
          minmay_temple_entry_antechambers, kennysheep_generic_room_15,
          uniq_pikel, uniq_crazy_yiuf_cottage
D:8:      layout_loops_ring, enter_bailey_5, kennysheep_dice
Temple:   dpeg_three_leaves_temple
Bailey:   bailey_polearm_4, bailey

Skill      XL: |  1  2  3  4  5  6  7  8  9 |
---------------+----------------------------+-----
Short Blades   | 1 2 3 4 |  4.1
Long Blades    | 1 2 3 4 |  4.1
Axes           | 1 2 3 4 |  4.1
Maces & Flails | 1 2 3 4 |  4.1
Polearms       | 1 2 3 4 |  4.1
Slings         | 1 2 3 4 |  4.1
Bows           | 1 2 3 4 |  4.1
Crossbows      | 1 2 3 4 |  4.1
Dodging        | 1 2 3 4 |  4.1
Shields        | 1 2 3 4 |  4.1
Unarmed Combat | 1 2 3 4 |  4.1
Spellcasting   | 1 2 3 4 |  4.1
Invocations    | 1 2 3 4 |  4.5
Evocations     | 1 2 3 4 |  4.1
Conjurations   | 1 2 3 |  3.4
Hexes          | 1 2 3 |  3.4
Summonings     | 1 2 3 |  3.4
Necromancy     | 1 2 3 |  3.4
Translocations | 1 2 3 |  3.4
Transmutations | 1 2 3 |  3.4
Fire Magic     | 1 2 3 |  3.4
Ice Magic      | 1 2 3 |  3.4
Air Magic      | 1 2 3 |  3.4
Earth Magic    | 1 2 3 |  3.4
Poison Magic   | 1 2 3 |  3.4
Throwing       | 3 4 |  4.9
Armour         | 3 4 |  4.9
Staves         | 5 6 |  6.2
Fighting       | 9 |  9.5
Stealth        | 5 6 |  6.0

Action                   |  1- 3 |  4- 6 |  7- 9 || total
-------------------------+-------+-------+-------++-------
Melee: Club              |   138 |       |       ||   138
       Bite              |    26 |    25 |    49 ||   100
       Mace              |    21 |    34 |       ||    55
       Dagger            |       |   180 |   441 ||   621
       Punch             |       |     6 |    11 ||    17
       Quarterstaff      |       |       |     8 ||     8
Invok: Heroism           |       |       |     2 ||     2
  Use: Scroll            |     2 |     5 |     1 ||     8
       Potion            |       |     2 |     6 ||     8
 Stab: Sleeping          |       |     2 |       ||     2
       Invisible         |       |     1 |       ||     1
Armor: Scale mail        |    93 |    76 |   178 ||   347
       Leather armour    |    15 |       |       ||    15
Dodge: Dodged            |   123 |   110 |   197 ||   430
